[Event "Titled Tuesday Blitz October 25 Late 2022"]
[White "Hambleton, Aman"]
[Black "Ezat, Mohamed"]
[WhiteFideId "2606577"]
[BlackFideId "10600906"]
[WhiteElo "2538"]
[BlackElo "2386"]
[Result "1-0"]
[Round "02"]
[TimeControl "180+1"]
[Date "2022.10.26"]
[WhiteClock "0:00:05"]
[BlackClock "0:00:11"]

1. d4 Nf6 2. Bf4 d5 3. e3 c5 4. c3 Nc6 5. Nd2 Bg4 6. Qb3 Qc8 7. dxc5 e6 8. h3 Bf5 9. Qa4 Bxc5 10. Nb3 Bb6 11. Nd4 O-O 12. Nxf5 exf5 13. Bd3 Ne4 14. Nf3 Re8 15. O-O h6 16. Nd4 g5 17. Bh2 f4 18. exf4 Nxd4 19. cxd4 g4 20. hxg4 Qxg4 21. f3 Qg7 22. fxe4 Bxd4+ 23. Kh1 dxe4 24. Be2 Rac8 25. Rad1 Red8 26. Qb3 Rc5 27. Qg3 Rc2 28. Qxg7+ Kxg7 29. Bg4 Rxb2 30. Rfe1 e3 31. Bg3 Rd2 32. Rxd2 exd2 33. Rd1 Be3 34. Kh2 Rd4 35. Kh3 Kg6 36. Bf3 f5 37. Bxb7 Rd3 38. Kh2 Ra3 39. Bd5 Rc3 40. Bb3 a5 41. Bh4 Bxf4+ 42. g3 Be3 43. Kg2 f4 44. gxf4 Bxf4 45. Bf2 Rc1 46. Kf1 Kf5 47. Ke2 h5 48. Bb6 h4 49. Ba4 h3 50. Bd7+ Ke4 51. Bxh3 Rc3 52. Bg2+ Kf5 53. Bxa5 Rc2 54. a3 Ra2 55. Bb4 Rb2 56. Bd5 Kg4 57. Bf3+ Kg3 58. Be4 Kg4 59. Kd3 Rb3+ 60. Kc2 Re3 61. Bd3 Rg3 62. Bxd2 Rg2 63. Kc3 Be5+ 64. Kc4 Rg3 65. Bc3 Bf4 66. Bd4 Kg5 67. Rg1 Rxg1 68. Bxg1 Kf6 69. Kd5 Ke7 70. Kc6 Kd8 71. Kb7 Bd2 72. a4 Kd7 73. Bb5+ Kd6 74. Bb6 Kd5 75. a5 Bxa5 76. Bxa5 Kc5 77. Bd7 Kc4 78. Kc6 Kb3 79. Kc5 Ka3 80. Kc4 Ka2 81. Kc3 Ka3 82. Bc7 Ka2 83. Bd6 Kb1 84. Bb5 Kc1 85. Be2 Kb1 86. Bf4 Ka1 87. Kb3 Kb1 88. Be3 Ka1 89. Bd2 Kb1 90. Bd3+ Ka1 91. Bc3# 1-0


[Site "https://www.chess.com"]

[Event "Titled Tuesday Blitz October 25 Late 2022"]
[White "Harvey, Marcus R"]
[Black "Muhammad, Shahzeb"]
[WhiteFideId "400092"]
[BlackFideId "7804806"]
[WhiteElo "2457"]
[BlackElo "2398"]
[Result "1-0"]
[Round "02"]
[TimeControl "180+1"]
[Date "2022.10.26"]
[WhiteClock "0:00:51"]
[BlackClock "0:00:04"]

1. f4 Nf6 2. Nf3 b6 3. g3 Bb7 4. Bg2 g6 5. O-O Bg7 6. d3 O-O 7. e4 d6 8. Nc3 e5 9. a4 a5 10. fxe5 dxe5 11. Kh1 Nc6 12. Be3 Qd7 13. Qd2 Rfe8 14. Bg5 Qe6 15. Bh6 Bxh6 16. Qxh6 Ng4 17. Qh4 f6 18. Bh3 h5 19. Nd5 Rf8 20. Nxc7 Qd7 21. Nxa8 Bxa8 22. Bxg4 hxg4 23. Nd2 Kg7 24. h3 gxh3 25. g4 Nd4 26. g5 f5 27. Qh6+ Kg8 28. Qxg6+ Qg7 29. Qxg7+ Kxg7 30. c3 Nc2 31. Rac1 Ne3 32. Rf3 Ng4 33. Rg1 h2 34. Rxg4 fxg4 35. Rxf8 Kxf8 36. Kxh2 Kg7 37. Kg3 Kg6 38. Kxg4 Bc6 39. Nc4 Bd7+ 40. Kf3 Bxa4 41. Nxe5+ Kxg5 42. Nc4 Bb5 43. Ke3 Bxc4 44. dxc4 Kf6 45. Kd4 Ke6 46. e5 a4 47. Ke4 Kd7 48. Kd5 Kc7 49. e6 a3 50. bxa3 1-0


[Site "https://www.chess.com"]

[Event "Titled Tuesday Blitz October 25 Late 2022"]
[White "Hoffmann, Asa"]
[Black "Pakleza, Zbigniew"]
[WhiteFideId "2001470"]
[BlackFideId "1119290"]
[WhiteElo "2117"]
[BlackElo "2411"]
[Result "0-1"]
[Round "02"]
[TimeControl "180+1"]
[Date "2022.10.26"]
[WhiteClock "0:00:22"]
[BlackClock "0:00:35"]

1. d4 d6 2. e4 Nf6 3. f3 Nbd7 4. Be3 e5 5. Ne2 Be7 6. Nbc3 O-O 7. g4 c6 8. Ng3 b5 9. g5 Ne8 10. h4 Nb6 11. a3 Nc7 12. Qd2 a5 13. dxe5 Nc4 14. Bxc4 bxc4 15. exd6 Bxd6 16. Nge2 Qe7 17. f4 Rd8 18. Rd1 Bg4 19. e5 Bxa3 20. Qc1 Bb4 21. Kf2 Bxc3 22. bxc3 Nd5 23. Rd4 Bxe2 24. Kxe2 Nxc3+ 25. Kf3 c5 26. Rxd8+ Rxd8 27. Qa3 Qb7+ 28. Kg4 Qg2+ 29. Kh5 Qf3# 0-1


[Site "https://www.chess.com"]

[Event "Titled Tuesday Blitz October 25 Late 2022"]
[White "Huber, Benedikt"]
[Black "Burke, Paul"]
[WhiteFideId "12923583"]
[BlackFideId "2605767"]
[WhiteElo "2199"]
[BlackElo "1832"]
[Result "0-1"]
[Round "02"]
[TimeControl "180+1"]
[Date "2022.10.26"]
[WhiteClock "0:00:29"]
[BlackClock "0:00:01"]

1. d4 Nf6 2. Nc3 d6 3. e4 g6 4. f4 Bg7 5. Nf3 O-O 6. a3 Nc6 7. Bd3 Bg4 8. Be3 e5 9. fxe5 dxe5 10. d5 Nd4 11. Be2 Nxe2 12. Qxe2 Nxe4 13. Nxe4 f5 14. Nf2 e4 15. Nxg4 exf3 16. Qxf3 fxg4 17. Qxg4 Bxb2 18. Rd1 Bc3+ 19. Ke2 Qe7 20. d6 Qe5 21. d7 Rad8 22. Qc4+ Kg7 23. Rd5 Qf6 24. Kd1 Be5 25. Rxe5 Qxe5 26. Bd4 Rxd7 27. c3 Rxd4+ 28. cxd4 Qe4 29. Qxc7+ Kh6 30. Qc1+ Kg7 31. Qc7+ Kh6 32. Qc1+ Kg7 33. Re1 Qxd4+ 34. Qd2 Qxd2+ 35. Kxd2 Rf7 36. Kc3 Rc7+ 37. Kd3 Rd7+ 38. Kc3 Rc7+ 39. Kb3 Rd7 40. Re2 Rc7 41. a4 Rd7 42. Kb4 Rc7 43. Kb5 Rd7 44. Kc5 Rc7+ 45. Kd6 Rf7 46. Ke6 Rf6+ 47. Kd5 Rf7 48. Rb2 Rd7+ 49. Ke6 Rf7 50. g3 Rf6+ 51. Ke5 Rf7 52. h4 Rf5+ 53. Ke4 Rf7 54. Rb3 Re7+ 55. Kd5 Rd7+ 56. Ke6 Rf7 57. Kd6 Rf6+ 58. Ke5 Rf7 59. g4 Re7+ 60. Kf4 Rf7+ 61. Kg3 Re7 62. Rb4 Rf7 63. Re4 Rd7 64. Kf4 Rf7+ 65. Ke5 Re7+ 66. Kd5 Rxe4 67. Kxe4 Kf6 68. Kd5 Ke7 69. Ke5 h6 70. a5 b6 71. axb6 axb6 72. Kd5 b5 73. Kc5 Ke6 74. Kxb5 Ke5 75. Kc4 Kf4 76. Kd4 Kxg4 77. Ke3 Kxh4 78. Kf3 g5 79. Kg2 g4 80. Kh2 g3+ 81. Kg2 Kg4 82. Kh1 h5 83. Kg2 h4 84. Kg1 h3 85. Kh1 Kf3 86. Kg1 g2 87. Kh2 Kf2 88. Kxh3 g1=Q 89. Kh4 Qg7 90. Kh5 Kf3 91. Kh4 Qg4# 0-1


[Site "https://www.chess.com"]

[Event "Titled Tuesday Blitz October 25 Late 2022"]
[White "Ibadov, Dashgyn"]
[Black "Thiel, Thomas"]
[WhiteFideId "24107514"]
[BlackFideId "4615964"]
[WhiteElo "2208"]
[BlackElo "2227"]
[Result "1-0"]
[Round "02"]
[TimeControl "180+1"]
[Date "2022.10.26"]
[WhiteClock "0:00:50"]
[BlackClock "0:01:44"]

1. e4 d5 2. exd5 Nf6 3. Nf3 Nxd5 4. d4 g6 5. c4 Nb6 6. Nc3 Bg7 7. c5 Nd5 8. Bc4 Nxc3 9. bxc3 O-O 10. O-O Nc6 11. Re1 Bg4 12. Bg5 h6 13. Bh4 g5 14. Bg3 e5 15. d5 Na5 16. Be2 e4 17. Ne5 Bxe2 18. Rxe2 f5 19. d6 cxd6 20. Qd5+ Kh7 21. cxd6 f4 22. Qxe4+ Kg8 23. Qd5+ Kh7 24. Nf7 Rxf7 25. Qxf7 Qf8 26. Qd5 Nc6 27. Rd1 Rd8 28. c4 fxg3 29. hxg3 Qf6 30. Re6 Qf8 31. d7 Kh8 32. Qe4 1-0


[Site "https://www.chess.com"]

[Event "Titled Tuesday Blitz October 25 Late 2022"]
[White "Injac, Teodora"]
[Black "Herman, Daniel"]
[WhiteFideId "932400"]
[BlackFideId "30935008"]
[WhiteElo "2286"]
[BlackElo "1897"]
[Result "0-1"]
[Round "02"]
[TimeControl "180+1"]
[Date "2022.10.26"]
[WhiteClock "0:00:01"]
[BlackClock "0:00:26"]

1. c4 e5 2. Nc3 Bb4 3. Nd5 Be7 4. g3 Nf6 5. Nxe7 Qxe7 6. Bg2 Nc6 7. e3 d5 8. cxd5 Nb4 9. d3 Nbxd5 10. Ne2 O-O 11. O-O Rd8 12. a3 e4 13. d4 Bg4 14. Qc2 Bf3 15. Nc3 Qe6 16. Re1 Bxg2 17. Kxg2 Rac8 18. b4 Nxc3 19. Qxc3 Qg4 20. Qc2 Qf3+ 21. Kg1 Nd5 22. Qe2 Qf5 23. Bb2 Rd6 24. Rf1 Re8 25. f3 Rde6 26. Rae1 c6 27. fxe4 Qxe4 28. Bc1 f5 29. Qf3 g6 30. Qf2 Qd3 31. Bd2 Nf6 32. Qe2 Qe4 33. Rf4 Qd5 34. Qf3 Ne4 35. Bc1 Qb3 36. Kg2 Qc2+ 37. Kg1 Nc3 38. g4 fxg4 39. Rxg4 Rf8 40. Qg3 Ne2+ 0-1


[Site "https://www.chess.com"]

[Event "Titled Tuesday Blitz October 25 Late 2022"]
[White "Janaszak, Dawid"]
[Black "Yanayt, Eugene"]
[WhiteFideId "1119206"]
[BlackFideId "2020165"]
[WhiteElo "2226"]
[BlackElo "2046"]
[Result "1-0"]
[Round "02"]
[TimeControl "180+1"]
[Date "2022.10.26"]
[WhiteClock "0:00:24"]
[BlackClock "0:00:14"]

1. e4 c5 2. Nc3 e6 3. d4 cxd4 4. Qxd4 Nc6 5. Qd3 a6 6. Bf4 b5 7. O-O-O b4 8. Nd5 exd5 9. exd5 Nce7 10. d6 Qa5 11. dxe7 Bxe7 12. Qe4 d5 13. Rxd5 Qxa2 14. Re5 Ra7 15. Qc6+ Bd7 16. Qb6 Ra8 17. Nf3 Qa1+ 18. Kd2 Qxb2 19. Bd3 Qc3+ 20. Kd1 Qa1+ 21. Bc1 Rd8 22. Rhe1 Bb5 23. Rxb5 axb5 24. Qxb5+ Kf8 25. Ne5 Nf6 26. Nc6 Re8 27. Nxe7 Rxe7 28. Qxb4 Qa7 29. Ba3 Nd5 30. Qd6 Qb7 31. Qd8# 1-0


[Site "https://www.chess.com"]

[Event "Titled Tuesday Blitz October 25 Late 2022"]
[White "Javakhadze, Zurab"]
[Black "Fernandez Siles, Luis"]
[WhiteFideId "13603647"]
[BlackFideId "2209420"]
[WhiteElo "2381"]
[BlackElo "2186"]
[Result "1-0"]
[Round "02"]
[TimeControl "180+1"]
[Date "2022.10.26"]
[WhiteClock "0:00:25"]
[BlackClock "0:00:30"]

1. d4 Nf6 2. c4 g6 3. Nc3 Bg7 4. e4 d6 5. Nf3 O-O 6. Be2 c5 7. O-O Nc6 8. d5 Na5 9. h3 e5 10. a3 b6 11. b4 Nb7 12. Nh2 Nd7 13. Qc2 f5 14. exf5 gxf5 15. f4 exf4 16. Bxf4 Ne5 17. Nf3 Kh8 18. Rae1 Bd7 19. Bd3 Qf6 20. Nxe5 dxe5 21. Bxe5 Qxe5 22. Rxe5 Bxe5 23. Ne2 Nd6 24. bxc5 bxc5 25. Nf4 Rab8 26. Ne6 Rg8 27. Rb1 Rxb1+ 28. Qxb1 Re8 29. Bxf5 Nxc4 30. Qb7 Nb6 31. Qxa7 Nxd5 32. Qxd7 Nf6 1-0


[Site "https://www.chess.com"]

[Event "Titled Tuesday Blitz October 25 Late 2022"]
[White "Jimenez Fernandez, Rebeca"]
[Black "Al Hosani, Omran"]
[WhiteFideId "32070934"]
[BlackFideId "9308733"]
[WhiteElo "1946"]
[BlackElo "2167"]
[Result "0-1"]
[Round "02"]
[TimeControl "180+1"]
[Date "2022.10.26"]
[WhiteClock "0:00:01"]
[BlackClock "0:00:37"]

1. e4 c5 2. Nc3 e6 3. Nge2 Nc6 4. g3 g6 5. Bg2 Bg7 6. d3 d6 7. Be3 Nge7 8. Qd2 O-O 9. Bh6 Nd4 10. Bxg7 Kxg7 11. h4 h6 12. h5 g5 13. Nxd4 cxd4 14. Ne2 Nc6 15. O-O-O Qb6 16. g4 e5 17. f4 exf4 18. Nxf4 gxf4 19. Qxf4 Qc5 20. Kb1 Be6 21. g5 Qxg5 22. Qxd6 Qe5 23. Qa3 Qa5 24. Qxa5 Nxa5 25. e5 Nc6 26. Rhg1 Kh8 27. Bxc6 bxc6 28. Rdf1 Rg8 29. Kc1 c5 30. b3 a5 31. Rxg8+ Rxg8 32. Rf6 Kh7 33. Kb2 Rg5 34. Ka3 Rxe5 35. Ka4 Rxh5 36. Kxa5 c4+ 37. Kb4 c3 38. Rf4 Rh2 39. Rxd4 Rxc2 40. Rd6 h5 41. a4 h4 42. Rd4 h3 43. a5 Rc1 44. a6 c2 45. a7 Ra1 46. Rh4+ Kg7 47. Rxh3 Bxh3 48. a8=Q Rxa8 0-1


[Site "https://www.chess.com"]

[Event "Titled Tuesday Blitz October 25 Late 2022"]
[White "Jobava, Baadur"]
[Black "Kalogeris, Ioannis"]
[WhiteFideId "13601520"]
[BlackFideId "4239563"]
[WhiteElo "2582"]
[BlackElo "2312"]
[Result "1-0"]
[Round "02"]
[TimeControl "180+1"]
[Date "2022.10.26"]
[WhiteClock "0:01:20"]
[BlackClock "0:00:34"]

1. b3 d5 2. Bb2 Nf6 3. d3 g6 4. Nd2 Bg7 5. e4 O-O 6. e5 Nfd7 7. Ngf3 c5 8. c4 d4 9. e6 fxe6 10. Be2 Nc6 11. O-O Nf6 12. Re1 e5 13. Bf1 Qc7 14. a3 a5 15. Qc2 h6 16. g3 g5 17. Bg2 Bf5 18. Re2 Rad8 19. Rae1 e4 20. Nxe4 Nxe4 21. Rxe4 Bxe4 22. Rxe4 e5 23. h4 Bf6 24. hxg5 hxg5 25. Bc1 Rd7 26. Bxg5 Rg7 27. Bh6 Qf7 28. Qe2 Rg6 29. Bxf8 Qxf8 30. Nd2 Qh6 31. Rg4 Rg7 32. Bxc6 bxc6 33. Ne4 Be7 34. Kg2 Kf7 35. Rxg7+ Qxg7 36. Qh5+ Ke6 37. Qe8 Kf5 38. Qxc6 Qf7 39. f3 1-0


[Site "https://www.chess.com"]

[Event "Titled Tuesday Blitz October 25 Late 2022"]
[White "Joubert, Dantelle"]
[Black "Baches Garcia, Guillermo"]
[WhiteFideId "14310813"]
[BlackFideId "2209764"]
[WhiteElo "1507"]
[BlackElo "2429"]
[Result "0-1"]
[Round "02"]
[TimeControl "180+1"]
[Date "2022.10.26"]
[WhiteClock "0:00:04"]
[BlackClock "0:00:20"]

1. d4 Nf6 2. c4 e6 3. Nf3 d5 4. Nc3 c5 5. cxd5 Nxd5 6. g3 Nxc3 7. bxc3 cxd4 8. cxd4 Bb4+ 9. Bd2 Bxd2+ 10. Qxd2 b6 11. Bg2 Bb7 12. O-O O-O 13. Rfd1 Nd7 14. Qd3 Nf6 15. Ne5 Bxg2 16. Kxg2 Rc8 17. e4 Qe7 18. Rac1 Qb7 19. f3 h6 20. Rc4 Rxc4 21. Nxc4 Rd8 22. Ne5 Nd7 23. Nxd7 Qxd7 24. d5 exd5 25. exd5 Qd6 26. Rd2 h5 27. Qf5 g6 28. Qd3 h4 29. gxh4 Qf4 30. Qd4 Qxd4 31. Rxd4 Rd6 32. Kg3 Kg7 33. Kf4 Kf6 34. Ke4 Ke7 35. Rc4 Kd7 36. Ke5 b5 37. Rf4 f5 38. h5 gxh5 39. Rxf5 Ra6 40. Rxh5 Rxa2 41. Rh7+ Kd8 42. Kd6 Ke8 43. f4 b4 44. f5 a5 45. Ke6 Re2+ 46. Kd6 b3 47. Rb7 a4 48. f6 b2 0-1


[Site "https://www.chess.com"]

[Event "Titled Tuesday Blitz October 25 Late 2022"]
[White "Kalaiyalahan, Akshaya"]
[Black "Estrada Nieto, Julian"]
[WhiteFideId "422894"]
[BlackFideId "5101018"]
[WhiteElo "2043"]
[BlackElo "2252"]
[Result "0-1"]
[Round "02"]
[TimeControl "180+1"]
[Date "2022.10.26"]
[WhiteClock "0:00:22"]
[BlackClock "0:01:42"]

1. c4 e5 2. b3 Nf6 3. Bb2 Nc6 4. Nc3 d5 5. cxd5 Nxd5 6. Nxd5 Qxd5 7. a3 a5 8. d3 Be6 9. Nf3 f6 10. Nd2 Be7 11. e4 Qd7 12. Be2 Nd4 13. Bxd4 Qxd4 14. O-O O-O 15. Qc2 c6 16. Nf3 Qc5 17. Qb2 Rfd8 18. Rfd1 Rd7 19. d4 exd4 20. Nxd4 Bf7 21. Nf5 Rxd1+ 22. Rxd1 Qxa3 23. Qxa3 Bxa3 24. Rd7 b5 25. Rc7 a4 26. bxa4 bxa4 27. Rxc6 Bb2 28. Nd6 a3 29. Nxf7 a2 0-1


[Site "https://www.chess.com"]

[Event "Titled Tuesday Blitz October 25 Late 2022"]
[White "Kamsky, Gata"]
[Black "Besedes, Danilo"]
[WhiteFideId "2000024"]
[BlackFideId "946796"]
[WhiteElo "2666"]
[BlackElo "2352"]
[Result "1-0"]
[Round "02"]
[TimeControl "180+1"]
[Date "2022.10.26"]
[WhiteClock "0:00:54"]
[BlackClock "0:00:20"]

1. e4 c6 2. Nf3 d6 3. Bc4 Qc7 4. d3 e5 5. Ng5 Nh6 6. Nc3 Be7 7. Qh5 O-O 8. h3 b5 9. Bb3 Na6 10. O-O Nc5 11. f4 Nxb3 12. axb3 f6 13. Nf3 Nf7 14. f5 d5 15. g4 h6 16. h4 Bd7 17. g5 fxg5 18. hxg5 hxg5 19. Bxg5 Nxg5 20. Nxg5 Bxg5 21. Qxg5 Qd8 22. Qxd8 Rfxd8 23. Ra6 b4 24. Na4 dxe4 25. dxe4 Be8 26. Nc5 Rd2 27. Rf2 Rad8 28. Nd3 Rd1+ 29. Kg2 Rd4 30. Nc5 R4d2 31. Rxa7 Rxf2+ 32. Kxf2 Rd2+ 33. Ke3 Rxc2 34. Ne6 Rxb2 35. Rxg7+ Kh8 36. Re7 Rxb3+ 37. Kd2 Bh5 38. Rb7 Rb2+ 39. Kc1 Rb3 40. f6 Rc3+ 41. Kd2 c5 42. Ng5 1-0


[Site "https://www.chess.com"]

[Event "Titled Tuesday Blitz October 25 Late 2022"]
[White "Kirillov, Dmitry"]
[Black "Srbis, Jurica"]
[WhiteFideId "34180572"]
[BlackFideId "14515555"]
[WhiteElo "2095"]
[BlackElo "2481"]
[Result "0-1"]
[Round "02"]
[TimeControl "180+1"]
[Date "2022.10.26"]
[WhiteClock "0:00:01"]
[BlackClock "0:00:58"]

1. e4 e5 2. Nf3 Nc6 3. Bc4 Nf6 4. d3 Be7 5. c3 O-O 6. O-O d6 7. h3 h6 8. Nbd2 Nh7 9. Re1 Kh8 10. b4 f5 11. exf5 Bxf5 12. Nf1 a6 13. Ng3 Bg6 14. Bb3 Ng5 15. Nxg5 Bxg5 16. Ne4 Bxc1 17. Rxc1 Rf4 18. g3 Rf8 19. Qe2 Qd7 20. Kg2 Bf5 21. Rh1 Ne7 22. Rcf1 b6 23. f4 Ng6 24. fxe5 Nxe5 25. g4 Bh7 26. d4 Ng6 27. Qd2 Nh4+ 28. Kg3 Bxe4 29. Kxh4 Bxh1 30. Rxh1 Rf3 31. g5 Qf5 32. gxh6 Qe4+ 33. Kg5 Rf5+ 34. Kg6 Rf2+ 0-1


[Site "https://www.chess.com"]

[Event "Titled Tuesday Blitz October 25 Late 2022"]
[White "Koellner, Ruben Gideon"]
[Black "Belous, Vladimir"]
[WhiteFideId "12993093"]
[BlackFideId "4174003"]
[WhiteElo "2303"]
[BlackElo "2534"]
[Result "0-1"]
[Round "02"]
[TimeControl "180+1"]
[Date "2022.10.26"]
[WhiteClock "0:00:06"]
[BlackClock "0:00:09"]

1. d4 c5 2. d5 g6 3. Nc3 Bg7 4. e4 d6 5. Be2 e6 6. Nf3 exd5 7. exd5 Ne7 8. O-O Bg4 9. Nd2 Bxe2 10. Qxe2 O-O 11. Qf3 Nd7 12. Nc4 Ne5 13. Nxe5 Bxe5 14. Bh6 Re8 15. Rfe1 Nf5 16. Bd2 b5 17. Nxb5 Qb6 18. c4 a6 19. Nc3 Qxb2 20. Qd3 Nd4 21. Rab1 Qc2 22. Qxc2 Nxc2 23. Rec1 Na3 24. Rb7 Nxc4 25. Be1 Rab8 26. Rcb1 Rxb7 27. Rxb7 Bf6 28. Rb1 Na3 29. Rc1 Nc2 30. Bd2 Nb4 31. Kf1 h5 32. h3 c4 33. Ne2 Nxa2 34. Rxc4 Rb8 35. Ra4 Rb1+ 36. Be1 Nc3 37. Rxa6 Ne4 38. Ra8+ Kg7 39. Ra3 Nd2+ 40. Kg1 Rxe1+ 0-1


[Site "https://www.chess.com"]

[Event "Titled Tuesday Blitz October 25 Late 2022"]
[White "Kollars, Dmitrij"]
[Black "TheKnightBefore"]
[WhiteFideId "12909572"]
[WhiteElo "2584"]
[BlackElo "2606"]
[Result "1-0"]
[Round "02"]
[TimeControl "180+1"]
[Date "2022.10.26"]
[WhiteClock "0:00:24"]
[BlackClock "0:00:07"]

1. Nf3 d5 2. g3 Nf6 3. Bg2 c6 4. O-O Bg4 5. h3 Bh5 6. d4 Nbd7 7. c4 e6 8. cxd5 exd5 9. Qb3 Qb6 10. Qe3+ Be7 11. Nh4 Bg6 12. Nc3 Qd8 13. f4 Bc2 14. Qd2 Be4 15. Nxe4 Nxe4 16. Bxe4 Bxh4 17. Bc2 Be7 18. Qd3 Nf6 19. Qf3 Qd7 20. g4 g6 21. Kg2 O-O-O 22. e3 Rde8 23. g5 Nh5 24. Qg4 Ng7 25. Bd2 Bd6 26. Qxd7+ Kxd7 27. b4 Nf5 28. Kf3 h6 29. Bxf5+ gxf5 30. h4 h5 31. a4 b6 32. Rg1 Rhg8 33. b5 c5 34. Bc3 c4 35. a5 Ra8 36. Ra2 Bc7 37. Rga1 Rae8 38. axb6 Bxb6 39. Ba5 Rc8 40. Bxb6 axb6 41. Ra7+ Rc7 42. Rxc7+ Kxc7 43. Ra7+ Kd6 44. Rxf7 c3 45. Rf6+ Kd7 46. Rc6 1-0


[Site "https://www.chess.com"]

[Event "Titled Tuesday Blitz October 25 Late 2022"]
[White "Korchmar, Vasiliy"]
[Black "Ismayil, Malak"]
[WhiteFideId "24131750"]
[BlackFideId "13412604"]
[WhiteElo "2370"]
[BlackElo "1879"]
[Result "1-0"]
[Round "02"]
[TimeControl "180+1"]
[Date "2022.10.26"]
[WhiteClock "0:00:07"]
[BlackClock "0:00:06"]

1. e4 e5 2. Nf3 Nc6 3. Nc3 Nf6 4. h3 Bc5 5. Nxe5 Nxe5 6. d4 Bd6 7. dxe5 Bxe5 8. Bd3 Bxc3+ 9. bxc3 d6 10. O-O h6 11. f4 O-O 12. Qf3 Bd7 13. e5 Bc6 14. Qg3 Nd7 15. exd6 cxd6 16. f5 Qf6 17. Be3 Ne5 18. Bd4 Rfe8 19. Rae1 Qg5 20. Qxg5 hxg5 21. Be2 f6 22. Rb1 b6 23. Rfd1 Red8 24. Rd2 Kf7 25. Rbd1 Ke7 26. Ba6 Rab8 27. Re2 Bb7 28. Bb5 Rbc8 29. Red2 Be4 30. Rf2 Bc6 31. Ba6 Rb8 32. Bf1 Rbc8 33. Ra1 Bd5 34. a4 Kf7 35. a5 bxa5 36. Rxa5 Bc4 37. Rxa7+ Kg8 38. Bxc4+ Rxc4 39. Rf1 Rd7 40. Ra8+ Kh7 41. Rb1 Rdc7 42. Rbb8 Nf7 43. Rf8 Re7 44. Kf2 Rcc7 45. Rfb8 Rb7 46. Rc8 Rbc7 47. Rf8 Rcd7 48. g4 Rb7 49. Kf3 Rbc7 50. Rfb8 Rb7 51. Rf8 Rb1 52. Kg3 Rbb7 53. h4 gxh4+ 54. Kxh4 Rbd7 55. Kh5 Rb7 56. Kh4 Rbd7 57. Kg3 Rb7 58. Kf3 Rbd7 59. Rfb8 Rb7 60. Rxb7 Rxb7 61. Ke4 Re7+ 62. Kd5 Nh6 63. Kxd6 Re2 64. Ra2 Nxg4 65. c4 Nh6 66. Bb6 Nxf5+ 67. Kc7 Re7+ 68. Kd8 Re4 69. c5 g5 70. c6 Rc4 71. c7 Nd6 72. Ra1 Kg6 73. Rd1 Nf7+ 74. Kd7 Ne5+ 75. Kd8 Nf7+ 76. Ke7 Ne5 77. Rd8 Nc6+ 78. Kd7 Ne5+ 79. Kd6 Rc6+ 80. Ke7 Rc4 81. c8=Q Rxc8 82. Rxc8 g4 83. Rg8+ Kf5 84. Rf8 Ng6+ 85. Kf7 Nxf8 86. Kxf8 g3 87. Ke7 Ke5 88. c4 g2 89. Bg1 f5 90. c5 Kd5 91. Kd7 f4 92. c6 f3 93. c7 Ke4 94. c8=Q Kf4 95. Qc2 Kg3 96. Qf2+ Kf4 97. Bh2+ Kg4 98. Qg3+ 1-0


[Site "https://www.chess.com"]

[Event "Titled Tuesday Blitz October 25 Late 2022"]
[White "Korobov, Anton"]
[Black "Fernandez De La Vara, Arnaldo"]
[WhiteFideId "14105730"]
[BlackFideId "3518388"]
[WhiteElo "2635"]
[BlackElo "2387"]
[Result "1-0"]
[Round "02"]
[TimeControl "180+1"]
[Date "2022.10.26"]
[WhiteClock "0:00:34"]
[BlackClock "0:00:07"]

1. d4 c5 2. d5 Nf6 3. Nc3 a6 4. e4 d6 5. f4 b5 6. e5 b4 7. exf6 bxc3 8. bxc3 e6 9. dxe6 Bxe6 10. f5 Bxf5 11. Qd5 Qxf6 12. Qxa8 Qxc3+ 13. Kf2 Qxa1 14. Qxb8+ Ke7 15. Nf3 Qxc1 16. Qc7+ Bd7 17. Bxa6 Qxh1 18. Bb5 Kf6 19. Qxd7 Be7 20. Nd2 d5 21. Qc6+ Kg5 22. Nf3+ Kh5 23. Be2 g6 24. Qc7 Re8 25. Qf4 g5 26. Qxf7+ Kh6 27. Qxe8 g4 28. Qxe7 gxf3 29. Qf6+ 1-0


[Site "https://www.chess.com"]

[Event "Titled Tuesday Blitz October 25 Late 2022"]
[White "Koutlas, Nikolaos"]
[Black "Timmermans, Mark"]
[WhiteFideId "25827138"]
[BlackFideId "1026399"]
[WhiteElo "2167"]
[BlackElo "2460"]
[Result "0-1"]
[Round "02"]
[TimeControl "180+1"]
[Date "2022.10.26"]
[WhiteClock "0:00:06"]
[BlackClock "0:01:06"]

1. c4 Nf6 2. Nc3 e5 3. Nf3 e4 4. Ng5 b5 5. Ngxe4 Nxe4 6. Nxe4 bxc4 7. d4 d5 8. Nc3 Nc6 9. g3 Be6 10. Bg2 Bb4 11. O-O f5 12. e4 fxe4 13. Nxe4 Be7 14. Nc3 O-O 15. Re1 Bf7 16. Bf4 Nb4 17. Re5 c6 18. Qe2 Bf6 19. Re6 Bxe6 20. Qxe6+ Kh8 21. a3 Nc2 22. Rd1 Nxd4 23. Qh3 Qc8 24. Qh5 Qf5 25. Qxf5 Nxf5 26. Bd6 Nxd6 0-1


[Site "https://www.chess.com"]

[Event "Titled Tuesday Blitz October 25 Late 2022"]
[White "Kowalczyk, Pawel"]
[Black "Rosenberg, Evan S"]
[WhiteFideId "1130641"]
[BlackFideId "2019299"]
[WhiteElo "2324"]
[BlackElo "2371"]
[Result "1-0"]
[Round "02"]
[TimeControl "180+1"]
[Date "2022.10.26"]
[WhiteClock "0:02:35"]
[BlackClock "0:00:03"]

1. e4 e5 2. d4 exd4 3. c3 Qe7 4. cxd4 Qxe4+ 5. Be3 Nf6 6. Nc3 Bb4 7. Nf3 O-O 8. Bd3 Qg4 9. O-O d6 10. h3 Qh5 11. Nb5 Na6 12. a3 Ba5 13. Rc1 h6 14. Be2 Re8 15. Ne5 Qh4 16. Nc4 Bb6 17. Nxb6 axb6 18. Nxc7 Nxc7 19. Rxc7 Nd5 20. Rc4 Rxe3 21. fxe3 Nxe3 22. Qd3 Nxf1 23. Bxf1 Bd7 24. d5 Qe1 25. Rc7 Ba4 26. Qe2 Qxe2 27. Bxe2 Ra5 28. Bc4 Rc5 29. Rxc5 bxc5 30. Kf2 b5 31. b3 bxc4 32. bxa4 Kf8 33. a5 Ke8 34. a6 Kd8 35. a7 1-0


[Site "https://www.chess.com"]

[Event "Titled Tuesday Blitz October 25 Late 2022"]
[White "Lawson, Eric"]
[Black "Moaataz, Ayah"]
[WhiteFideId "2604116"]
[BlackFideId "10615873"]
[WhiteElo "2541"]
[BlackElo "1993"]
[Result "1-0"]
[Round "02"]
[TimeControl "180+1"]
[Date "2022.10.26"]
[WhiteClock "0:00:51"]
[BlackClock "0:00:13"]

1. e4 c6 2. d4 d5 3. e5 Bf5 4. Nf3 e6 5. Be2 Nd7 6. O-O Ne7 7. c3 Bg6 8. Nbd2 Nf5 9. Nb3 Be7 10. a4 f6 11. Re1 fxe5 12. dxe5 O-O 13. a5 Nh4 14. Nbd4 Nxf3+ 15. Bxf3 Bf7 16. a6 Qc7 17. axb7 Qxb7 18. Bg4 Nc5 19. b4 Ne4 20. Rxe4 dxe4 21. Nxe6 Bxe6 22. Bxe6+ Kh8 23. Qe2 c5 24. b5 Rad8 25. c4 Rd4 26. Be3 Rfd8 27. g3 Qc7 28. Bxd4 Rxd4 29. Bd5 Qxe5 30. Rxa7 g6 31. b6 Bd6 32. Qg4 Qf5 33. Qxf5 gxf5 34. Rd7 Rd1+ 35. Kg2 Be5 36. Re7 Bd6 37. Re6 Bf8 38. b7 Rb1 39. Re8 Kg7 40. b8=Q Rxb8 41. Rxb8 Bd6 42. Rd8 Be5 43. Rd7+ Kg6 44. f4 exf3+ 45. Kxf3 Bd4 46. h4 h6 47. Rd6+ Kg7 48. Kf4 Bf2 49. h5 Kf8 50. Rxh6 Be1 51. Rg6 Ke7 52. Kxf5 Bd2 53. h6 Be3 54. h7 Bd4 55. Rg8 Kd7 56. g4 Bc3 57. g5 Bd4 58. g6 Bc3 59. g7 Bd4 60. h8=Q Bxg7 61. Rxg7+ 1-0


[Site "https://www.chess.com"]

[Event "Titled Tuesday Blitz October 25 Late 2022"]
[White "Leschinsky, Gary"]
[Black "Arbunic Castro, Giovanna"]
[WhiteFideId "30951321"]
[BlackFideId "3400549"]
[WhiteElo "1855"]
[BlackElo "1882"]
[Result "1-0"]
[Round "02"]
[TimeControl "180+1"]
[Date "2022.10.26"]
[WhiteClock "0:00:32"]
[BlackClock "0:00:01"]

1. d4 Nf6 2. c4 g6 3. Nc3 Bg7 4. e4 d6 5. Nf3 O-O 6. h3 Nbd7 7. Bd3 e5 8. d5 Nh5 9. g3 Nc5 10. Bc2 Bd7 11. Nh4 Qc8 12. b4 Na6 13. a3 Bxh3 14. Be3 Bd7 15. Ng2 Nf6 16. f3 Ne8 17. Qd2 f5 18. O-O-O c5 19. dxc6 bxc6 20. Bh6 Rf7 21. Bxg7 Rxg7 22. Ne3 f4 23. gxf4 exf4 24. Ng2 Rf7 25. Nxf4 Qd8 26. Rdg1 Qf6 27. Nfe2 c5 28. b5 Nb4 29. axb4 1-0


[Site "https://www.chess.com"]